[Event "Team 45 45 League T24"]
[Site "Internet Chess Club"]
[Date "2004.10.16"]
[Round "6"]
[White "Unbeliever"]
[Black "HadshiHalefOmar"]
[Result "1-0"]
[WhiteElo "2021"]
[BlackElo "1893"]
[TimeControl "2700+45"]

1. e4 d5 2. exd5 Qxd5 3. d4 Nf6 4. Nc3 Qa5 5. Nf3 c6 6. Ne5 Bf5 7. g4 Be4 8. Nc4
Qc7 9. Nxe4 Nxe4 10. Qf3 Nf6 11. Bf4 Qd7 12. g5 Nd5 13. Bxb8 Rxb8 14. Ne5 Qc7
15. Qxf7+ Kd8 16. Bh3 Qd6 17. O-O Kc7 18. Qf5 g6 19. Qf3 Rg8 20. c4 Nb4 21. Nf7
Qxd4 22. Rfd1 Qxc4 23. Rac1 Qb5 24. Qf4+ Kb6 25. Qxb8 a6 26. Bc8 {Black resigns}
1-0

[Event "Team 45 45 League T24"]
[Site "Internet Chess Club"]
[Date "2004.10.19"]
[Round "6"]
[White "tourettes"]
[Black "Zornorph"]
[Result "0-1"]
[WhiteElo "1783"]
[BlackElo "1945"]
[TimeControl "2700+45"]

1. e4 e5 2. Nf3 Nf6 3. Nc3 Bb4 4. d3 d6 5. h3 h6 6. a3 Ba5 7. b4 Bb6 8. Na4 O-O
9. Nxb6 axb6 10. g4 d5 11. g5 hxg5 12. Bxg5 dxe4 13. Bxf6 Qxf6 14. dxe4 Rd8 15.
Qe2 Nc6 16. c3 Be6 17. Qe3 Ne7 18. Ng5 Bb3 19. h4 Ng6 20. h5 Nf4 21. Qg3 Rxa3
22. Rc1 Qd6 23. Qe3 Qd1+ {White resigns} 0-1

[Event "Team 45 45 League T24"]
[Site "Internet Chess Club"]
[Date "2004.10.13"]
[Round "6"]
[White "CraigCKlein"]
[Black "Bloomington"]
[Result "0-1"]
[WhiteElo "1776"]
[BlackElo "1911"]
[TimeControl "2700+45"]

1. d4 d5 2. c4 e6 3. Nc3 c6 4. Nf3 Nf6 5. Bg5 h6 6. Bh4 dxc4 7. e4 g5 8. Bg3 b5
9. a4 b4 10. Na2 Nxe4 11. Bxb8 Rxb8 12. Ne5 Qf6 13. f3 Nd6 14. Nxc6 Rb6 15. Nxa7
Bd7 16. Be2 Bg7 17. Rb1 Ra6 {White resigns} 0-1

[Event "Team 45 45 League T24"]
[Site "Internet Chess Club"]
[Date "2004.10.16"]
[Round "6"]
[White "reijo"]
[Black "dougmo"]
[Result "0-1"]
[WhiteElo "1593"]
[BlackElo "1582"]
[TimeControl "2700+45"]

1. d4 e6 2. Nf3 Nf6 3. e3 c5 4. dxc5 Bxc5 5. c3 O-O 6. b4 Be7 7. Bd3 b6 8. Nbd2
Bb7 9. O-O Nc6 10. Bb2 Rc8 11. Re1 d6 12. a3 d5 13. e4 dxe4 14. Nxe4 Nxe4 15.
Bxe4 Qxd1 16. Raxd1 Rfd8 17. b5 Na5 18. Bxb7 Nxb7 19. Ne5 Na5 20. Rd7 Rxd7 21.
Nxd7 Nc4 22. Ba1 Nxa3 23. Re3 Nc2 24. Re2 Nxa1 25. Ra2 Nb3 26. Rxa7 Rd8 27. h3
Bc5 28. Ne5 f6 29. Nc6 Rd1+ 30. Kh2 Bxf2 31. Ra8+ Kf7 32. Ra7+ Kg6 33. Ne7+ Kg5
34. Ra4 Bg1+ 35. Kh1 Bc5+ 36. Kh2 Bxe7 37. Rg4+ Kf5 38. Rxg7 Bd6+ 39. g3 Rd2+
40. Kg1 Bc5+ 41. Kf1 h6 42. Rf7 Rf2+ 43. Ke1 Rf3 44. g4+ Ke4 45. h4 Bf2+ 46. Kd1
Bxh4 47. Kc2 Na5 48. Rd7 Bf2 49. Rh7 Be3 50. Re7 Rf2+ 51. Kd1 e5 52. Re6 Nc4 53.
Rc6 Nb2+ 54. Ke1 Kf3 55. Rxf6+ Kxg4 56. Rxf2 Bxf2+ 57. Kxf2 Nd3+ 58. Kg2 Kf4 59.
c4 Nc5 60. Kf2 Ke4 61. Kg3 Kd4 62. Kf3 e4+ 63. Ke2 Kxc4 64. Ke3 Kxb5 {White
resigns} 0-1

[Event "Team 45 45 League T24"]
[Site "Internet Chess Club"]
[Date "2004.10.16"]
[Round "6"]
[White "billarvola"]
[Black "locchessmonster"]
[Result "1/2-1/2"]
[WhiteElo "1966"]
[BlackElo "1938"]
[TimeControl "2700+45"]

1. d4 Nf6 2. c4 g6 3. Nf3 Bg7 4. g3 O-O 5. Bg2 d6 6. O-O Nbd7 7. Nc3 e5 8. d5
Nc5 9. b4 Nce4 10. Nxe4 Nxe4 11. Bb2 f5 12. Nd2 Nxd2 13. Qxd2 g5 14. e4 f4 15.
f3 fxg3 16. hxg3 h5 17. Kh2 Bd7 18. Bh3 Bxh3 19. Kxh3 Qd7+ 20. Kg2 g4 21. Qe2
Bh6 22. fxg4 Qxg4 23. Qxg4+ hxg4 24. Bc3 Rxf1 25. Rxf1 Rf8 26. Rxf8+ Kxf8 27. c5
Ke7 28. Kf2 Kd7 29. Ke2 Bf8 30. cxd6 Bxd6 31. a4 c6 32. Kd3 cxd5 33. exd5 e4+
34. Kxe4 Bxg3 35. Kf5 Kd6 36. Kxg4 Be5 37. Be1 Kxd5 38. Kf5 Bd6 39. b5 Kc4 40.
Ke6 Bb4 41. Bf2 Kb3 42. Bxa7 Kxa4 43. Kd7 Kxb5 44. Kc7 Ka6 45. Bd4 b5 46. Kc6
Ka5 47. Bb2 Bd2 48. Kc5 Ka4 49. Bf6 b4 50. Kc4 b3 51. Bb2 Bb4 52. Kd3 Ba3 53.
Kc3 Be7 54. Kd2 Kb4 55. Kc1 {Game drawn by mutual agreement} 1/2-1/2

[Event "Team 45 45 League T24"]
[Site "Internet Chess Club"]
[Date "2004.10.17"]
[Round "6"]
[White "nminwalla"]
[Black "rayonline53"]
[Result "1-0"]
[WhiteElo "1722"]
[BlackElo "1650"]
[TimeControl "2700+45"]

1. e4 c5 2. Nf3 Nc6 3. d4 cxd4 4. Nxd4 d6 5. Nc3 Nf6 6. Bg5 e6 7. Qd2 Be7 8.
O-O-O Bd7 9. Ndb5 O-O 10. Nxd6 a6 11. f4 h6 12. Bxf6 Bxf6 13. e5 Be7 14. Nxb7
{Black resigns} 1-0

[Event "Team 45 45 League T24"]
[Site "Internet Chess Club"]
[Date "2004.10.15"]
[Round "6"]
[White "Frobert"]
[Black "chessateer"]
[Result "0-1"]
[WhiteElo "1652"]
[BlackElo "1898"]
[TimeControl "2700+45"]

1. e4 e5 2. Nc3 Nf6 3. d3 Be7 4. Bg5 d6 5. Qd2 Nc6 6. O-O-O Be6 7. h4 h6 8. Be3
Nd4 9. f4 Bg4 10. Be2 Nxe2+ 11. Ngxe2 Nh5 12. fxe5 dxe5 13. Bf2 Nf4 14. g3 Nxe2+
15. Nxe2 Qd7 16. d4 O-O-O 17. d5 Bf3 18. Rhe1 Bxe4 19. Qe3 Qa4 20. b3 Qa3+ 21.
Kb1 Bxd5 22. Nc3 Bc6 23. Qxe5 Rxd1+ 24. Rxd1 Bf6 25. Qf5+ Kb8 26. Bd4 Bxd4 27.
Rxd4 Qe7 28. Nd5 Qe6 29. Qd3 Qe1+ 30. Kb2 Qe5 31. Ka3 Rd8 32. c4 Bxd5 33. cxd5
Qd6+ 34. b4 c6 35. Qf5 Rd7 36. Qf2 cxd5 37. Kb3 Qe5 38. Qd2 Qxg3+ 39. Rd3 Qe5
40. a4 d4 41. b5 Qe4 42. Kc4 Qxh4 43. Rxd4 Rxd4+ 44. Qxd4 Qxd4+ 45. Kxd4 Kc7
{White resigns} 0-1

[Event "Team 45 45 League T24"]
[Site "Internet Chess Club"]
[Date "2004.10.17"]
[Round "6"]
[White "room-matt"]
[Black "GoIrish"]
[Result "1-0"]
[WhiteElo "1901"]
[BlackElo "1584"]
[TimeControl "2700+45"]

1. e4 d6 2. d4 Nf6 3. Nc3 g6 4. Be2 Bg7 5. g4 O-O 6. g5 Nfd7 7. Be3 e5 8. d5 f5
9. h4 f4 10. Bd2 a6 11. Nf3 Nc5 12. b4 Ncd7 13. h5 gxh5 14. Rxh5 Qe8 15. Nh2 c6
16. Bf1 Nb6 17. Qf3 cxd5 18. Nxd5 Nxd5 19. Bc4 Nc6 20. Bxd5+ Be6 21. Qh3 Bxd5
22. exd5 Nd4 23. Rc1 Qg6 24. Kd1 Rf5 25. c3 Nb5 26. Qh4 Rc8 27. f3 Rc4 28. Ng4
Nc7 29. Nh6+ Bxh6 30. Rxh6 Qxg5 31. Qxg5+ Rxg5 32. Rxd6 Rg6 33. Rd8+ Kg7 34. Kc2
Nb5 35. Rd7+ Kh6 36. Rxb7 Nd6 37. Ra7 Nb5 38. Rd7 Rc7 39. Rxc7 Nxc7 40. c4 Rg3
41. Rh1+ Kg6 42. Rf1 h5 43. Be1 Rg2+ 44. Kb3 Kg5 45. a4 h4 46. Rh1 h3 47. Rxh3
Re2 48. Bc3 Re3 49. Rh7 Ne8 50. b5 Nf6 51. bxa6 e4 52. a7 exf3 53. a8=Q Re8 54.
Rg7+ Kf5 55. Qc6 Re3 56. Qxf6+ {Black resigns} 1-0

[Event "Team 45 45 League T24"]
[Site "Internet Chess Club"]
[Date "2004.10.17"]
[Round "6"]
[White "forquesato"]
[Black "hoyd"]
[Result "1-0"]
[WhiteElo "1825"]
[BlackElo "1600"]
[TimeControl "2700+45"]

1. e4 c5 2. Nf3 Nc6 3. d4 cxd4 4. Nxd4 g6 5. c4 Nf6 6. Nc3 d6 7. Be2 Nxd4 8.
Qxd4 Bg7 9. Bg5 O-O 10. O-O Be6 11. Qd2 Qa5 12. Rad1 a6 13. Kh1 Rac8 14. b3 Rfe8
15. f4 Nd7 16. Nd5 Qxd2 17. Rxd2 f6 18. Bh4 Bf7 19. e5 dxe5 20. Bg4 e6 21. fxe5
Nxe5 22. Bxf6 Nxg4 23. Ne7+ Kf8 24. Nxc8 Nxf6 25. Nb6 e5 26. Rdf2 Ke7 27. g4 Bg8
28. h3 Ne4 29. Rg2 Kd6 30. Rd1+ Kc6 31. Nd5 Be6 32. Kg1 Ng5 33. Rg3 Nxh3+ 34.
Rxh3 Bxg4 35. Rxh7 Bxd1 36. Rxg7 Bc2 37. Nb4+ Kb6 38. Nxc2 e4 39. Rxg6+ Kc5 40.
Kf2 a5 41. Rg5+ Kb6 42. Ke3 Kc6 43. Rxa5 b6 44. Nd4+ Kd6 45. Rd5+ Kc7 46. Nb5+
Kc6 47. Rd4 Ra8 48. a4 Kc5 49. Kxe4 Kb4 50. Rd3 Re8+ 51. Kf5 Rf8+ 52. Ke6 Rh8
53. Kd7 Rh7+ 54. Kc6 Rh6+ 55. Nd6 Rh1 56. Kxb6 Rb1 57. a5 Ra1 58. a6 Ra5 59. a7
Rc5 60. a8=Q Rb5+ 61. Kc7 Rc5+ 62. Kd7 Ra5 63. Qxa5+ Kxa5 64. c5 Ka6 65. c6 Ka5
66. c7 Kb4 67. Rd1 Kxb3 68. c8=R Kb4 69. Rb1+ Ka3 70. Ra8# {Black checkmated}
1-0

[Event "Team 45 45 League T24"]
[Site "Internet Chess Club"]
[Date "2004.10.14"]
[Round "6"]
[White "Gardener"]
[Black "Lizaveta"]
[Result "1-0"]
[WhiteElo "1526"]
[BlackElo "1300"]
[TimeControl "2700+45"]

1. e4 e5 2. d4 exd4 3. Qxd4 Nc6 4. Qe3 Nf6 5. e5 Nd5 6. Qg3 Qe7 7. f4 d6 8. Nf3
Ndb4 9. Na3 dxe5 10. fxe5 Nd5 11. Bc4 Nb6 12. Bb5 Bd7 13. O-O O-O-O 14. Bg5 f6
15. exf6 gxf6 16. Rae1 Qf7 17. Bxc6 Bxc6 18. Ne5 Bc5+ 19. Kh1 Qd5 20. Nxc6 Qxc6
21. Qh3+ Qd7 22. Qxd7+ Rxd7 23. Bxf6 Rg8 24. Bc3 Bd4 25. Bxd4 Rxd4 26. Rd1 Rdg4
27. Rd2 Re4 28. g3 Rge8 29. Rff2 Nc4 30. Nxc4 Rxc4 31. Rf7 h5 32. Rh7 Rc5 33. c3
Rce5 34. Kg1 Re2 35. Rxe2 Rxe2 36. Rxh5 Rxb2 37. a4 Rb3 38. Rc5 b6 39. Rc4 a6
40. Kg2 Rb2+ 41. Kh3 Rf2 42. g4 Rf3+ 43. Kg2 Rf8 44. g5 Rg8 45. h4 Rg7 46. Kg3
Kd7 47. Kg4 Ke6 48. a5 Kd7 49. axb6 cxb6 50. h5 b5 51. Rc5 Kd6 52. Rc8 a5 53. h6
{Black resigns} 1-0

[Event "Team 45 45 League T24"]
[Site "Internet Chess Club"]
[Date "2004.10.13"]
[Round "6"]
[White "Rossinantes"]
[Black "f5"]
[Result "1/2-1/2"]
[WhiteElo "2356"]
[BlackElo "2318"]
[TimeControl "2700+45"]

1. d4 f5 2. c4 Nf6 3. g3 g6 4. Nh3 Bg7 5. Bg2 d6 6. d5 O-O 7. Nf4 Qe8 8. Nc3 c6
9. h4 Bd7 10. O-O Na6 11. e4 Rd8 12. Re1 fxe4 13. Nxe4 Nxe4 14. Bxe4 Qf7 15. Qe2
Nc5 16. Bg2 Rde8 17. Be3 e5 18. Nd3 Nxd3 19. Qxd3 c5 20. Rab1 b6 21. Be4 Bg4 22.
a3 Qd7 23. b4 Bf3 24. bxc5 bxc5 25. Rb5 Qg4 26. Bd2 Rf7 27. Bxf3 Rxf3 28. Re3
Ref8 29. Rxf3 Rxf3 30. Rb8+ Kf7 31. Qb1 h6 32. Qb7+ Kf6 33. Rg8 Rxg3+ 34. fxg3
Qd1+ 35. Kg2 Qe2+ 36. Kg1 {Game drawn by mutual agreement} 1/2-1/2

[Event "Team 45 45 League T24"]
[Site "Internet Chess Club"]
[Date "2004.10.17"]
[Round "6"]
[White "akdog3"]
[Black "WesleyCrusher"]
[Result "1-0"]
[WhiteElo "2201"]
[BlackElo "2121"]
[TimeControl "2700+45"]

1. d4 Nf6 2. Nf3 e6 3. e3 c5 4. Bd3 Nc6 5. O-O Be7 6. c3 O-O 7. Nbd2 a6 8. e4 d6
9. Re1 e5 10. d5 Nb8 11. a4 a5 12. Nc4 Ne8 13. Bd2 g6 14. b4 b6 15. bxa5 bxa5
16. Qb3 Nd7 17. Rab1 f5 18. Ncxe5 dxe5 19. d6+ Kg7 20. dxe7 Qxe7 21. exf5 gxf5
22. Nxe5 Qd6 23. Bf4 c4 24. Bxc4 Nc5 25. Qc2 Bb7 26. Red1 Be4 27. Rxd6 Bxc2 28.
Bh6+ Kh8 29. Bxf8 Nxd6 30. Bxd6 Bxb1 31. Bxc5 Rc8 32. Bd4 Kg7 33. f4 Kf6 34.
Nc6+ {Black resigns} 1-0

[Event "Team 45 45 League T24"]
[Site "Internet Chess Club"]
[Date "2004.10.16"]
[Round "6"]
[White "VentasD"]
[Black "Burning-Bush"]
[Result "1/2-1/2"]
[WhiteElo "2109"]
[BlackElo "2236"]
[TimeControl "2700+45"]

1. d4 c5 2. c3 cxd4 3. cxd4 g6 4. Nf3 Bg7 5. Nc3 d6 6. e3 Nf6 7. Bb5+ Nbd7 8.
O-O a6 9. Bc4 O-O 10. a4 h6 11. a5 b5 12. axb6 Nxb6 13. Bb3 Bb7 14. Bd2 Nfd7 15.
Re1 Rc8 16. Qe2 e5 17. dxe5 dxe5 18. e4 Nc5 19. Ba2 Qe7 20. Be3 Ncd7 21. Red1
Qb4 22. Bxb6 Nxb6 23. Nd5 Nxd5 24. Bxd5 Rc7 25. Bxb7 Rxb7 26. Rxa6 Qxb2 27. Ra2
{Game drawn by mutual agreement} 1/2-1/2

[Event "Team 45 45 League T24"]
[Site "Internet Chess Club"]
[Date "2004.10.16"]
[Round "6"]
[White "searchforbobby1"]
[Black "Amauta"]
[Result "1/2-1/2"]
[WhiteElo "2150"]
[BlackElo "2008"]
[TimeControl "2700+45"]

1. e4 c5 2. Nf3 Nc6 3. d4 cxd4 4. Nxd4 Nf6 5. Nc3 a6 6. Nxc6 bxc6 7. e5 Ng8 8.
Bc4 d5 9. exd6 exd6 10. O-O d5 11. Nxd5 cxd5 12. Bxd5 Ra7 13. Be3 Nf6 14. Bc6+
Rd7 15. Re1 Be7 16. Bc5 O-O 17. Bxd7 Bxc5 18. Bxc8 Qb6 19. Bf5 Bxf2+ 20. Kh1
Bxe1 21. Qxe1 Qxb2 22. Bd3 a5 23. a4 Re8 24. Qf1 h6 25. Rb1 Qd4 26. Rd1 Ne4 27.
Re1 Qxa4 28. Bb5 Nf2+ 29. Qxf2 Rxe1+ 30. Qxe1 Qxb5 31. h3 a4 32. Qc3 Qf1+ 33.
Kh2 Qf4+ 34. Kh1 Kh7 35. Qd3+ g6 36. Qa3 Qd4 37. Kh2 Kg7 38. Qa2 Qb4 39. Qa1+ f6
40. c3 Qb3 41. Qe1 Qb8+ 42. Kh1 Qe5 43. Qa1 Qa5 44. Qa3 Kf7 45. c4 Qe1+ 46. Kh2
Qe5+ 47. Kh1 Qe1+ 48. Kh2 Qe5+ 49. Kh1 {Game drawn by mutual agreement} 1/2-1/2

[Event "Team 45 45 League T24"]
[Site "Internet Chess Club"]
[Date "2004.10.18"]
[Round "6"]
[White "Nikolay"]
[Black "gringo"]
[Result "1/2-1/2"]
[WhiteElo "2355"]
[BlackElo "2240"]
[TimeControl "2700+45"]

1. e4 c5 2. Nf3 d6 3. d4 cxd4 4. Nxd4 Nf6 5. Nc3 g6 6. Be3 Bg7 7. f3 O-O 8. Qd2
Nc6 9. O-O-O Nxd4 10. Bxd4 Be6 11. Kb1 Qc7 12. h4 Rfc8 13. h5 Qa5 14. hxg6 hxg6
15. a3 Rab8 16. Bd3 Bc4 17. g4 b5 18. Bxc4 Rxc4 19. Bxf6 Bxf6 20. Nd5 Qxd2 21.
Rxd2 b4 22. Rdh2 Be5 23. Nxe7+ Kg7 24. Rh7+ Kf6 25. Nd5+ Ke6 26. axb4 Rbxb4 27.
Nxb4 Rxb4 28. b3 Rd4 29. Rf1 g5 30. Rh6+ Ke7 31. Rhh1 Rb4 32. Rd1 Rb6 33. Rd3 a5
34. Kc1 a4 35. Kd2 Bf4+ 36. Ke2 Rc6 37. c4 axb3 38. Rxb3 Rxc4 39. Kd3 Ra4 40.
Rh7 Ra7 41. Rh1 Ke6 42. Rhb1 Ra2 43. Rh1 Ra7 44. Rh6+ Ke7 45. Rh8 Be5 46. Rhb8
Kf6 47. R8b7 Ra2 48. Rd7 Kg6 49. Kc4 Rc2+ 50. Kb5 Rf2 51. Kc6 Rc2+ 52. Kb7 Kf6
53. Rc7 Ra2 54. Kc8 Ke6 55. Kb7 Rf2 56. Rc8 Ra2 57. Ra8 Rf2 58. Ra6 Rc2 59. Kb6
Bd4+ 60. Kb5 Rc5+ 61. Kb4 Rc2 62. Rd3 Be5 63. Kb3 Rb2+ 64. Ka3 Rf2 65. Ra8 Rf1
66. Kb3 Rb1+ 67. Kc2 Rb2+ 68. Kd1 Rb1+ 69. Ke2 Bf4 70. Rc3 Rb2+ 71. Kd3 Rd2+ 72.
Kc4 Rb2 73. Ra7 Kf6 74. Rb3 Rc2+ 75. Rc3 Rb2 76. Kd5 Rd2+ 77. Kc6 Ke6 78. Ra8
Ke7 79. Rg8 Be5 80. Rb3 Rc2+ 81. Kb7 Bf4 82. Rc8 Ra2 83. Rbc3 Rf2 84. R3c7+ Kf6
85. Rc3 Ke7 86. Rb3 Ra2 87. Rh8 Be5 88. Rh7 Rf2 89. Ra3 Rb2+ 90. Ka8 Bd4 91. Rh5
Kf6 92. Ra6 Be5 93. Ra7 Kg6 94. Ra3 Kf6 95. Rh8 Bf4 96. Rf8 Rf2 {Game drawn by
the 50 move rule} 1/2-1/2

[Event "Team 45 45 League T24"]
[Site "Internet Chess Club"]
[Date "2004.10.19"]
[Round "6"]
[White "Satan"]
[Black "jtayar88"]
[Result "1/2-1/2"]
[WhiteElo "2173"]
[BlackElo "2244"]
[TimeControl "2700+45"]

1. e4 c5 2. Nf3 d6 3. d4 cxd4 4. Nxd4 Nf6 5. Nc3 a6 6. Bg5 e6 7. f4 Be7 8. Qf3
Qc7 9. O-O-O Nbd7 10. Bd3 h6 11. Bh4 g5 12. fxg5 Ne5 13. Qe2 Nfg4 14. Nf3 hxg5
15. Bxg5 Bxg5+ 16. Nxg5 Qc5 17. Nf3 Nf2 18. Nxe5 Nxd1 19. Nxf7 Nxc3 20. Qf3 Rf8
21. Rf1 Nxa2+ 22. Kb1 Nb4 23. e5 dxe5 24. Bg6 Kd7 25. Nxe5+ Qxe5 26. Qxf8 Nd5
27. Qc5 Qd6 28. Be8+ Ke7 29. Rf7+ Kxe8 30. Qxd6 Kxf7 {Game drawn by mutual
agreement} 1/2-1/2

[Event "Team 45 45 League T24"]
[Site "Internet Chess Club"]
[Date "2004.10.16"]
[Round "6"]
[White "Rubicon"]
[Black "Falhari"]
[Result "1-0"]
[WhiteElo "1967"]
[BlackElo "1992"]
[TimeControl "2700+45"]

1. e4 e6 2. d4 d5 3. e5 c5 4. c3 Nc6 5. Nf3 Qb6 6. a3 Bd7 7. b4 cxd4 8. cxd4 Rc8
9. Be3 Nge7 10. Bd3 Nf5 11. Bxf5 exf5 12. O-O Be7 13. Qd2 f6 14. Nc3 Be6 15.
exf6 gxf6 16. Bh6 Kf7 17. Rfe1 Rhg8 18. Qe3 Nd8 19. Nxd5 Bxd5 20. Qxe7+ Kg6 21.
Bd2 Bxf3 22. gxf3 Qxd4 23. Kh1 Nf7 24. Rg1+ Ng5 25. Bxg5 fxg5 26. Qxg5+ Kf7 27.
Qxf5+ Qf6 28. Qxh7+ Rg7 29. Rxg7+ Qxg7 30. Qf5+ {Black resigns} 1-0

[Event "Team 45 45 League T24"]
[Site "Internet Chess Club"]
[Date "2004.10.14"]
[Round "6"]
[White "Zornorph"]
[Black "Lizaveta"]
[Result "1-0"]
[WhiteElo "1925"]
[BlackElo "1307"]
[TimeControl "2700+45"]

1. c4 c5 2. Nc3 e6 3. e4 Nf6 4. e5 Ng8 5. d4 cxd4 6. Qxd4 Nc6 7. Qe4 Bc5 8. Be3
Bb6 9. O-O-O Nge7 10. Nb5 Bc7 11. Nd6+ Bxd6 12. exd6 Nf5 13. Bf4 Qa5 14. Kb1 Nb4
15. a3 Nc6 16. Bd3 Nfd4 17. Ne2 Nb3 18. Bc2 Nc5 19. Qe3 a6 20. Rd5 b6 21. Rg5 g6
22. h4 h6 23. Rxg6 fxg6 24. Bxg6+ Kd8 25. Bg5+ hxg5 26. Qxg5+ Ne7 27. Qxe7#
{Black checkmated} 1-0

[Event "Team 45 45 League T24"]
[Site "Internet Chess Club"]
[Date "2004.10.17"]
[Round "6"]
[White "trikmamak"]
[Black "DeLaSalle"]
[Result "1-0"]
[WhiteElo "2238"]
[BlackElo "2058"]
[TimeControl "2700+45"]

1. e4 Nc6 2. Nf3 Nf6 3. e5 Ng8 4. Bb5 a6 5. Ba4 b5 6. Bb3 e6 7. c3 d6 8. exd6
Bxd6 9. d4 Nge7 10. Ng5 Ng6 11. h4 Bb7 12. h5 Nf4 13. Qg4 Nd3+ 14. Ke2 Nxc1+ 15.
Rxc1 f5 16. Qh4 Be7 17. h6 Bxg5 18. hxg7 Rg8 19. Qxh7 Kf7 20. f4 Bf6 21. Qxf5
Qe7 22. g4 Kxg7 23. Bxe6 Bxd4 24. Kd2 Rgf8 25. Qe4 Rad8 26. Rh1 Bf6+ 27. Kc1 Rh8
28. Re1 Rhe8 29. f5 Bg5+ 30. Kc2 Nd4+ 31. Qxd4+ Rxd4 32. cxd4 Qb4 33. Nc3 Qxd4
34. Rad1 Qf6 35. Rd7+ Re7 36. Nd5 Bxd5 37. Rxd5 Qh6 38. Re2 Qh1 39. Rde5 Qc1+
40. Kd3 Qc4+ 41. Bxc4 Rxe5 42. Rxe5 bxc4+ 43. Kxc4 {Black resigns} 1-0

[Event "Team 45 45 League T24"]
[Site "Internet Chess Club"]
[Date "2004.10.16"]
[Round "6"]
[White "baumhauer"]
[Black "deathmage"]
[Result "1-0"]
[WhiteElo "1931"]
[BlackElo "1711"]
[TimeControl "2700+45"]

1. d4 Nf6 2. c4 e6 3. Nc3 Bb4 4. e3 b6 5. Bd3 Bb7 6. f3 Nh5 7. Nh3 Qh4+ 8. Nf2
f5 9. O-O Bd6 10. f4 g5 11. Be2 g4 12. Nb5 a6 13. Nxd6+ cxd6 14. d5 Ke7 15. Nh1
exd5 16. cxd5 Nf6 17. Ng3 Kf8 18. Qd4 Bxd5 19. Nxf5 Qh5 20. Qxf6+ Qf7 21. Qxh8+
{Black resigns} 1-0

[Event "Team 45 45 League T24"]
[Site "Internet Chess Club"]
[Date "2004.10.15"]
[Round "6"]
[White "Quoyle"]
[Black "onslaught"]
[Result "1/2-1/2"]
[WhiteElo "2450"]
[BlackElo "2265"]
[TimeControl "2700+45"]

1. d4 d5 2. c4 c6 3. Nf3 Nf6 4. Nc3 dxc4 5. a4 Bf5 6. Nh4 Bc8 7. Nf3 Bf5 8. Nh4
Bc8 9. e3 e5 10. Bxc4 exd4 11. exd4 Be7 12. O-O O-O 13. Re1 Na6 14. Bg5 Nc7 15.
Qb3 Nfd5 16. Bxe7 Nxe7 17. Nf3 Ncd5 18. Bxd5 Nxd5 19. Nxd5 Qxd5 20. Qxd5 cxd5
21. Re7 Bf5 22. Rxb7 Rfb8 23. Rb5 a6 24. Rxd5 Be4 25. Re5 Bxf3 26. gxf3 Rxb2 27.
Rc1 Rb4 28. Rec5 g6 29. R1c4 Rxc4 30. Rxc4 Rb8 31. Kf1 Rb2 32. Ke1 Ra2 33. d5
Kf8 34. Re4 f5 35. Rb4 {Game drawn by mutual agreement} 1/2-1/2

[Event "Team 45 45 League T24"]
[Site "Internet Chess Club"]
[Date "2004.10.18"]
[Round "6"]
[White "MSStateBulldog"]
[Black "phoenix10q72"]
[Result "0-1"]
[WhiteElo "2323"]
[BlackElo "2362"]
[TimeControl "2700+45"]

1. e4 c5 2. c3 d5 3. exd5 Qxd5 4. d4 g6 5. Nf3 Bg7 6. Na3 Bg4 7. Bc4 Qe4+ 8. Be3
cxd4 9. cxd4 Nh6 10. O-O O-O 11. Bxh6 Bxh6 12. Re1 Qf5 13. Rxe7 Nc6 14. Rxb7
Rad8 15. h3 Bxf3 16. Qxf3 Qxf3 17. gxf3 Nxd4 18. Kg2 Nf5 19. Re1 Bf4 20. Rb3 Rd2
21. Nb1 Rc2 22. Na3 Rd2 23. Nb1 Rd4 24. Bb5 Rc8 25. Nc3 Nh4+ 26. Kf1 Nxf3 27.
Ne2 Nd2+ 28. Kg2 Nxb3 29. axb3 Bd2 30. Rd1 Rdd8 31. Bc4 Kg7 32. Ra1 a5 {White
resigns} 0-1

[Event "Team 45 45 League T24"]
[Site "Internet Chess Club"]
[Date "2004.10.16"]
[Round "6"]
[White "jorobo"]
[Black "imbak"]
[Result "1-0"]
[WhiteElo "2246"]
[BlackElo "2211"]
[TimeControl "2700+45"]

1. c4 Nf6 2. Nc3 e6 3. e4 c5 4. e5 Ng8 5. Nf3 d6 6. exd6 Bxd6 7. d4 cxd4 8. Nxd4
Nf6 9. Ndb5 Be5 10. Qxd8+ Kxd8 11. f4 Bxc3+ 12. bxc3 a6 13. Nd6 Kc7 14. Nxf7 Rf8
15. Ne5 Ne4 16. Bd3 Nf6 17. O-O Nc6 18. Ba3 Rd8 19. Rad1 h6 20. h3 Na5 21. g4 b6
22. g5 Nh5 23. Nf7 Rd7 24. Bd6+ Kb7 25. Be4+ Ka7 26. Bxa8 Rxf7 27. Bf3 Ng3 28.
Rfe1 Nxc4 29. Kf2 Nf5 30. Be5 hxg5 31. Rd8 Nxe5 32. Rxe5 Bb7 33. Bxb7 Kxb7 34.
Rxe6 Kc7 35. Ra8 Nd6 36. Ra7+ Nb7 37. Rxa6 Rxf4+ 38. Kg2 Nc5 39. Ra7+ Kb8 40.
Ree7 g4 41. hxg4 Rxg4+ 42. Kf3 Rc4 43. Rxg7 Rxc3+ 44. Ke2 Rc2+ 45. Ke3 Rc3+ 46.
Kd4 Rf3 47. Rae7 Rf8 48. Kc4 Na4 49. Rb7+ Kc8 50. Ra7 Rf4+ 51. Kb5 Nc3+ 52. Kxb6
Rf6+ 53. Ka5 Rf5+ 54. Kb4 Nd5+ 55. Kc4 Nb6+ 56. Kd4 Rd5+ 57. Ke4 {Black resigns}
1-0

[Event "Team 45 45 League T24"]
[Site "Internet Chess Club"]
[Date "2004.10.18"]
[Round "6"]
[White "kikian"]
[Black "Kingofknights"]
[Result "1-0"]
[WhiteElo "1911"]
[BlackElo "1650"]
[TimeControl "2700+45"]

1. e4 c6 2. d4 d5 3. Nc3 dxe4 4. Nxe4 Nd7 5. Ng5 Ngf6 6. Bd3 e6 7. N1f3 Bd6 8.
Qe2 h6 9. Ne4 Nxe4 10. Qxe4 Nf6 11. Qe2 O-O 12. Bd2 c5 13. dxc5 Bxc5 14. O-O-O
Qb6 15. g4 Nd5 16. g5 hxg5 17. Nxg5 f5 18. Rdf1 Bd7 19. Rhg1 Rf6 20. Qh5 Rc8 21.
Qh7+ Kf8 22. Nf3 g6 23. Ne5 Be8 24. Bh6# {Black checkmated} 1-0

[Event "Team 45 45 League T24"]
[Site "Internet Chess Club"]
[Date "2004.10.15"]
[Round "6"]
[White "ratty"]
[Black "Catalog"]
[Result "1-0"]
[WhiteElo "2258"]
[BlackElo "2133"]
[TimeControl "2700+45"]

1. d4 Nf6 2. Bg5 c5 3. d5 e6 4. Nc3 exd5 5. Nxd5 Be7 6. Bf4 Nxd5 7. Qxd5 O-O 8.
e4 Nc6 9. a3 Bf6 10. O-O-O b5 11. Bxb5 Qb6 12. e5 Nxe5 13. Bxe5 Bxe5 14. Qxe5
Qxb5 15. Nf3 Rb8 16. Rhe1 d5 17. Rxd5 Be6 18. Rxc5 Qb6 19. b4 Qa6 20. Rc3 Rbc8
21. Kb2 Rxc3 22. Qxc3 Rc8 23. Qd4 Qa4 24. Re2 h6 25. Ne5 a5 26. Nd3 axb4 27.
Nxb4 Ra8 28. Re3 Rc8 29. Rc3 Rb8 30. Rg3 g6 31. Qf6 Rxb4+ 32. axb4 Qxb4+ 33. Rb3
Bxb3 34. Qd8+ Kh7 35. cxb3 Qf4 36. Qd5 Qxf2+ 37. Ka3 Qa7+ 38. Kb4 Qb6+ 39. Kc4
Qc7+ 40. Kb5 Qb8+ 41. Ka6 Qc8+ 42. Qb7 Qe6+ 43. Ka7 Qe3+ 44. Ka6 Qd3+ 45. Ka5
Qc3+ 46. b4 Qa3+ 47. Kb5 Qd3+ 48. Kc5 Qf5+ 49. Kb6 Qe6+ 50. Qc6 Qe3+ 51. Qc5 Qe8
52. Kc7 Qe2 53. b5 Qxg2 54. Qd6 Qc2+ 55. Kd8 Qa2 56. b6 Qa8+ 57. Ke7 Qb7+ 58.
Qc7 Qf3 59. b7 Kg7 60. b8=Q Qf6+ 61. Ke8 Qe6+ 62. Kd8 Qd5+ 63. Qd6 Qa5+ 64. Ke7
Qg5+ 65. Ke8 Qb5+ 66. Qxb5 {Black resigns} 1-0

[Event "Team 45 45 League T24"]
[Site "Internet Chess Club"]
[Date "2004.10.18"]
[Round "6"]
[White "EdBorowski"]
[Black "Baffler"]
[Result "1/2-1/2"]
[WhiteElo "2071"]
[BlackElo "2163"]
[TimeControl "2700+45"]

1. Nf3 c5 2. c4 e6 3. d4 cxd4 4. Nxd4 Nc6 5. Nc3 Nf6 6. Bg5 Be7 7. Nxc6 bxc6 8.
Qc2 d5 9. e3 h6 10. Bh4 d4 11. exd4 Qxd4 12. Bg3 Bb4 13. Be2 Ne4 14. Bf3 Nxc3
15. a3 Nd5+ 16. axb4 Nxb4 17. Qe2 Nd3+ 18. Kf1 Qxc4 19. Be4 Ba6 20. Bxd3 Qxd3
21. Rxa6 Qb1+ 22. Qe1 Qd3+ 23. Qe2 Qb1+ 24. Qe1 Qd3+ {Game drawn by mutual
agreement} 1/2-1/2

[Event "Team 45 45 League T24"]
[Site "Internet Chess Club"]
[Date "2004.10.16"]
[Round "6"]
[White "Dbexodus"]
[Black "MaxII"]
[Result "1-0"]
[WhiteElo "1982"]
[BlackElo "1624"]
[TimeControl "2700+45"]

1. d4 d5 2. c4 e6 3. Nc3 Nf6 4. Bg5 Be7 5. cxd5 Nxd5 6. Bxe7 Qxe7 7. e4 Nxc3 8.
bxc3 O-O 9. Nf3 c5 10. Bd3 Nc6 11. O-O cxd4 12. cxd4 Rd8 13. e5 Kh8 14. Be4 Qc7
15. Rc1 Qb6 16. Ng5 Rxd4 17. Qh5 h6 18. Qxf7 Qd8 19. Qg6 {Black resigns} 1-0